 Dungeon Crawl Stone Soup version 0.30.1-9-gdf580d7c3d (webtiles) character file.

Game seed: 5547838357067885671

26679 Chiseanne the Fighter (level 13, -5/105 HPs)
             Began as a Demonspawn Wanderer on Oct 15, 2023.
             Was an Initiate of Gozag.
             Slain by a stone giant (30 damage)
             ... on level 15 of the Dungeon.
             The game lasted 00:36:13 (12856 turns).

Chiseanne the Fighter (Demonspawn Wanderer)        Turns: 12856, Time: 00:36:13

Health: -5/105     AC: 19    Str: 15    XL:     13   Next: 0%
Magic:  13/13      EV: 21    Int: 12    God:    Gozag
Gold:   58         SH: 14    Dex: 26    Spells: 12/12 levels left

rFire   + + +        a - +7 hand axe "Getsigge" {heavy, rF+ rN+ Will+++ Str-3}
rCold   . . .        F - +3 buckler {rPois}
rNeg    + . .        R - +0 leather armour "Taseucw" {rF++ Str+3}
rPois   +            (helmet unavailable)
rElec   .            Q - scarf of Judycwas {repulsion, +Inv Will+}
rCorr   .            f - +0 pair of fencer's gloves {Riposte Dex+3}
SInv    +            c - +1 pair of boots
Will    ++++.        (no amulet)
Stlth   ++           e - ring of see invisible
HPRegen 0.37/turn    H - +6 ring of dexterity
MPRegen 0.13/turn

%: repel missiles
@: no status effects
A: horns 3, yellow scales 2, icemail 2, powered by death 1, condensation shield
a: Renounce Religion, Evoke Invisibility, Potion Petition, Call Merchant, Bribe
Branch


You were on level 15 of the Dungeon.
You worshipped Gozag.
Gozag was noncommittal.
You visited 1 branch of the dungeon, and saw 15 of its levels.

You collected 2718 gold pieces.
You spent 1440 gold pieces at shops.
You paid 1220 gold pieces to Gozag.

Inventory:

Hand Weapons
 a - the +7 hand axe "Getsigge" (weapon) {heavy, rF+ rN+ Will+++ Str-3}
   (You found it on level 5 of the Dungeon)

   Str:       It affects your strength (-3).
   rF:        It protects you from fire.
   rN:        It protects you from negative energy.
   Will:      It greatly increases your willpower.
 s - a +4 scimitar of flaming
Missiles
 r - 5 atropa-tipped darts
 t - a boomerang of dispersal
 v - 22 poisoned darts
 B - 8 curare-tipped darts
 C - 9 boomerangs
 I - 3 throwing nets
 K - 5 javelins (quivered)
Armour
 c - a +1 pair of boots (worn)
 f - the +0 pair of fencer's gloves (worn) {Riposte Dex+3}
   (You acquired it on level 1 of the Dungeon)

   Riposte:   It allows the wearer to riposte with melee weapons, swiftly
   retaliating against missed or blocked melee attacks.
   Dex:       It affects your dexterity (+3).
 F - a +3 buckler of poison resistance (worn)
 Q - the scarf of Judycwas (worn) {repulsion, +Inv Will+}
   (You bought it in a shop on level 15 of the Dungeon)

   +Inv:      It lets you turn invisible.
   Will:      It increases your willpower.
 R - the +0 leather armour "Taseucw" (worn) {rF++ Str+3}
   (You bought it in a shop on level 15 of the Dungeon)

   Str:       It affects your strength (+3).
   rF:        It greatly protects you from fire.
Jewellery
 e - a ring of see invisible (left hand)
 q - a ring of protection from cold
 u - a ring of flight
 D - the ring "Baumeega" {rC+ rCorr Slay+2}
   (You found it on level 14 of the Dungeon)

   [ring of protection from cold]

   Slay:      It affects your accuracy & damage with ranged weapons and melee
   (+2).
   rC:        It protects you from cold.
   rCorr:     It protects you from acid and corrosion.
 H - a +6 ring of dexterity (right hand)
Wands
 d - a wand of digging (3)
 l - a wand of quicksilver (6)
 o - a wand of charming (21)
 y - a wand of flame (17)
 G - a wand of roots (13)
 O - a wand of mindburst (8)
 P - a wand of polymorph (4)
Scrolls
 h - 4 scrolls of fear
 i - 2 scrolls of fog
 m - 4 scrolls of identify
 n - 4 scrolls of teleportation
 p - 3 scrolls of poison
 w - a scroll of enchant armour
 z - a scroll of silence
 M - a scroll of amnesia
 N - a scroll of summoning
Potions
 b - 2 potions of mutation
 g - a potion of magic
 j - a potion of might
 k - 2 potions of heal wounds
 x - 5 potions of curing
 A - 2 potions of flight
 J - 2 potions of brilliance


   Skills:
 - Level 10.9 Fighting
 - Level 3.6 Long Blades
 * Level 8.7(8.8) Axes
 - Level 1.0(5.5) Maces & Flails
 - Level 9.7 Armour
 - Level 10.3 Dodging
 - Level 7.2 Shields
 - Level 1.0 Evocations


You had 12 spell levels left.
You didn't know any spells.
Your spell library contained the following spells:

 Spells                   Type           Power      Damage    Failure   Level
 Beastly Appendage        Tmut           0%         N/A       43%         1
 Freeze                   Ice            0%         1d3       43%         1
 Ensorcelled Hibernation  Hex/Ice        0%         N/A       58%         2
 Lesser Beckoning         Tloc           0%         N/A       58%         2
 Passwall                 Tmut/Erth      0%         N/A       58%         2
 Scorch                   Fire           0%         2d5       58%         2
 Wereblood                Tmut           0%         N/A       58%         2
 Confusing Touch          Hex            0%         N/A       82%         3
 Frozen Ramparts          Ice            0%         1d1       82%         3
 Gell's Gravitas          Tloc           0%         N/A       82%         3
 Hailstorm                Conj/Ice       0%         3d3       82%         3
 Spider Form              Tmut/Pois      0%         N/A       82%         3
 Swiftness                Air            0%         N/A       82%         3
 Teleport Other           Tloc           0%         N/A       82%         3
 Vhi's Electric Charge    Tloc/Air       0%         N/A       82%         3
 Flame Wave               Conj/Fire      0%         2d4       99%         4
 Ice Form                 Ice/Tmut       0%         N/A       99%         4
 Petrify                  Tmut/Erth      0%         N/A       99%         4
 Summon Ice Beast         Ice/Summ       0%         N/A       99%         4
 Arcjolt                  Conj/Air       0%         1d10      100%        5
 Lee's Rapid Deconstruct  Erth           0%         3d4*      100%        5
 Summon Cactus Giant      Summ           0%         N/A       100%        6
 Maxwell's Capacitive Co  Air            0%         ∞         100%        8


Dungeon Overview and Level Annotations

Branches:
Dungeon (15/15)            Temple (0/1) D:4            Lair (0/5) D:8
    Orc (0/2) D:11         Vaults (0/5) D:14         Depths (0/4) D:15

Altars:
Ashenzari
Cheibriados
Dithmenos
Gozag
Kikubaaqudgha
Nemelex Xobeh
Qazlal
Ru
Sif Muna
Trog
Vehumet

Shops:
D:3 *   D:7 :   D:8 [   D:15 *[

Portals:
Abyss: D:13
Trove: D:13 (give 4 potions of resistance)

Annotations:
D:11 3 runed translucent doors, exclusion: orange crystal statue
D:13 2 transporters, laros's ghost, journeyman MiBe


Innate Abilities, Weirdness & Mutations

You have a pair of large horns on your head.
You are mostly covered in yellow scales. (AC +3)
A meltable icy envelope protects you from harm. (AC +8)
You regenerate a little health from kills.
A meltable shield of frost defends you. (SH +4)


Message History

The stone giant is heavily wounded.
You block the stone giant's attack.
You hit the stone giant but do no damage.
The stone giant is heavily wounded.
You block the stone giant's attack.
You hit the stone giant but do no damage.
You headbutt the stone giant.
The stone giant is heavily wounded.
The stone giant closely misses you. The stone giant barely misses you.
You riposte.
You hit the stone giant.
The stone giant is heavily wounded.
You hit the stone giant but do no damage.
You headbutt the stone giant.
The stone giant is heavily wounded.
You block the stone giant's attack.
You riposte.
You hit the stone giant but do no damage.
The stone giant is heavily wounded.
You barely miss the stone giant.
The stone giant is heavily wounded.
The stone giant hits you but does no damage.
You slash the stone giant!
You headbutt the stone giant, but do no damage.
The stone giant is severely wounded.
The stone giant closely misses you. You block the stone giant's attack.
You riposte.
You hit the stone giant but do no damage.
The stone giant is severely wounded.
You slash the stone giant! You headbutt the stone giant.
The stone giant is severely wounded.
The stone giant hits you!
You hit the stone giant but do no damage.
The stone giant is severely wounded.
The stone giant hits you but does no damage.
You slash the stone giant!
The stone giant is almost dead.
The stone giant hits you!!
* * * LOW HITPOINT WARNING * * *
The stone giant hits you!!
You die...
Your body crumbles into a pile of gold.

..... #####.##
?.....##...... .
......#..≈§≈. .§
.........≈≈§§#§≈≈§...#
........≈§#≈§≈≈≈#≈≈..#
.........≈≈≈≈≈≈≈≈≈...#
.......§.≈C≈...≈§§§..# ...
........≈@≈..>.≈≈#...# ...
.........≈§≈...≈§≈≈..# ..
.........§≈§≈≈≈≈§≈...# ..
........§≈#≈≈≈§≈#§≈..# .#
.........≈§≈≈#≈≈§≈...##.##
.......#..≈.≈.≈.≈.....#.#.
.......##..........∩#.....
....... #####......###)...
....#.. ######## #[...


You could see a stone giant.

Vanquished Creatures
  Harold (D:9)
  A hydra (D:14)
  An ogre mage (D:14)
  3 two-headed ogres
  4 centaur warriors
  A tengu warrior (D:13)
  A boulder beetle (D:14)
  Urug (D:12)
  Pikel (D:8)
  2 deep elf pyromancers
  3 manticores
  5 ugly things
  3 cyclopes
  A gargoyle (D:12)
  Maggie (D:7)
  A yaktaur (shapeshifter) (D:14)
  2 unseen horrors
  A kobold demonologist (D:11)
  4 tengu conjurers
  An efreet (D:13)
  4 trolls
  8 slime creatures
  A shadow (D:12)
  2 wyverns (D:9)
  2 wraiths
  A vampire (D:13)
  7 yaks
  A yak (shapeshifter) (D:13)
  6 vampire mosquitoes
  3 acid dragons
  2 water moccasins
  Duvessa (D:7)
  2 orc warriors
  3 ice beasts
  An ogre (D:5)
  A sky beast (D:7)
  5 centaurs (D:12)
  4 kobold brigands
  3 bullfrogs
  A gnoll sergeant (D:12)
  4 scorpions
  A wight (D:8)
  Dowan (D:7)
  10 killer bees
  5 howler monkeys
  7 hounds
  2 jellies
  3 gnoll boudas
  6 orc priests
  2 sleepcaps (D:5)
  4 iguanas
  15 orc wizards
  Robin (D:2)
  21 gnolls
  6 adders
  A white imp (D:6)
  2 ufetubi
  A worm (D:3)
  3 dart slugs
  41 orcs
  9 endoplasms
  A giant cockroach (D:1)
  13 hobgoblins
  4 jackals (D:1)
  4 quokkas
  6 ball pythons
  10 bats
  3 frilled lizards
  13 goblins
  22 kobolds
  3 rats
320 creatures vanquished.

Vanquished Creatures (collateral kills)
  A two-headed ogre (D:14)
  An ugly thing (D:14)
2 creatures vanquished.

Vanquished Creatures (others)
  A two-headed ogre (D:14)
  2 ugly things (D:14)
3 creatures vanquished.

Grand Total: 325 creatures vanquished

Notes
Turn   | Place    | Note
-------+----------+-------------------------------------------
     0 | D:1      | Chiseanne the Demonspawn Wanderer began the quest for the
                  | Orb.
     0 | D:1      | Chiseanne set off with the following items: a +2 falchion,
                  | a +0 mace, a +0 pair of boots, a scroll of fear, a +0
                  | leather armour.
     0 | D:1      | Reached XP level 1. HP: 15/15 MP: 1/1
    77 | D:1      | Gained mutation: You have a pair of small horns on your
                  | head. [demonic ancestry]
    77 | D:1      | Reached XP level 2. HP: 21/21 MP: 2/2
   452 | D:1      | Gained mutation: You are partially covered in yellow
                  | scales. (AC +2) [demonic ancestry]
   452 | D:1      | Reached XP level 3. HP: 27/27 MP: 3/3
   589 | D:1      | Identified a scroll of acquirement
   589 | D:1      | Acquired the +0 pair of fencer's gloves {Riposte Dex+3}
   589 | D:1      | Found the +0 pair of fencer's gloves {Riposte Dex+3}
   628 | D:2      | Reached skill level 1 in Armour
   768 | D:2      | Reached XP level 4. HP: 34/34 MP: 4/4
   783 | D:2      | Noticed Robin
   799 | D:2      | Killed Robin
  1603 | D:3      | Gained mutation: A meltable shield of frost defends you.
                  | (SH +4) [demonic ancestry]
  1603 | D:3      | Reached XP level 5. HP: 39/41 MP: 5/5
  1944 | D:3      | Found an opulent altar of Gozag.
  1947 | D:3      | Found Gozag's Platinum Reserve.
  1953 | D:3      | Became a worshipper of Gozag Ym Sagoz the Greedy
  2029 | D:3      | Found a shimmering blue altar of Sif Muna.
  2488 | D:4      | Found a broken altar of Ashenzari.
  2503 | D:4      | Gained mutation: A meltable icy envelope protects you from
                  | harm. (AC +8) [demonic ancestry]
  2503 | D:4      | Reached XP level 6. HP: 48/48 MP: 6/6
  3059 | D:4      | Found a staircase to the Ecumenical Temple.
  3143 | D:4      | Found a sparkling altar of Nemelex Xobeh.
  3160 | D:5      | Entered Level 5 of the Dungeon
  3228 | D:5      | Identified the +7 hand axe "Getsigge" {heavy, rF+ rN+
                  | Will+++ Str-3}
  3608 | D:5      | Found a radiant altar of Vehumet.
  3700 | D:5      | Gained mutation: You have a pair of horns on your head.
                  | [demonic ancestry]
  3700 | D:5      | Reached XP level 7. HP: 50/55 MP: 7/7
  3763 | D:5      | Identified the +7 war axe of Undoing {heavy, Str+2 Stlth+}
  3776 | D:5      | Reached skill level 5 in Dodging
  3859 | D:5      | Chiseanne: ofcourse...
  3859 | D:5      | Chiseanne: FUCK YOU DISGUSTING ASSHOLES!!!
  3860 | D:5      | Chiseanne: qof course you neer hit
  3860 | D:5      | Chiseanne: of course that shit beat you to death..FUCK YOU
                  | IDIOTS
  4025 | D:5      | Chiseanne: if I had something to say I would neuter idiots
                  | like you
  4026 | D:5      | Found a bloodstained altar of Trog.
  4147 | D:6      | Reached skill level 5 in Fighting
  4275 | D:6      | Reached XP level 8. HP: 61/63 MP: 8/8
  4275 | D:6      | Chiseanne: by the moment you find something great you know
                  | wxcactly that there is a huge killer at latest on level 8
                  | or so ..some out of depth monster that you can not
                  | handle..FUCK YOU DISGISTING BITCHES
  4766 | D:6      | Reached skill level 5 in Armour
  5026 | D:7      | Noticed Maggie
  5046 | D:7      | Killed Maggie
  5210 | D:7      | Gained mutation: You are mostly covered in yellow scales.
                  | (AC +3) [demonic ancestry]
  5210 | D:7      | Reached XP level 9. HP: 71/71 MP: 9/9
  5341 | D:7      | Noticed Duvessa
  5341 | D:7      | Noticed Dowan
  5351 | D:7      | Killed Duvessa
  5362 | D:7      | Killed Dowan
  5500 | D:7      | Found Fune Miy's Book Shoppe.
  5510 | D:7      | Found a snail-covered altar of Cheibriados.
  5511 | D:7      | Found an ancient bone altar of Kikubaaqudgha.
  5801 | D:8      | Bought a +1 buckler of poison resistance for 175 gold
                  | pieces
  5948 | D:8      | Found a sacrificial altar of Ru.
  5959 | D:8      | Found a stormy altar of Qazlal.
  6046 | D:8      | Reached skill level 1 in Shields
  6141 | D:8      | Found a staircase to the Lair.
  6381 | D:8      | Noticed Pikel
  6393 | D:8      | Killed Pikel
  6783 | D:9      | Reached XP level 10. HP: 71/80 MP: 10/10
  7102 | D:9      | Noticed Harold
  7120 | D:9      | Killed Harold
  7269 | D:9      | Noticed a two-headed ogre
  7279 | D:9      | Killed a two-headed ogre
  7570 | D:10     | Entered Level 10 of the Dungeon
  7704 | D:10     | Noticed a deep elf pyromancer
  7712 | D:10     | Killed a deep elf pyromancer
  7823 | D:10     | Reached skill level 5 in Shields
  8371 | D:11     | Found a runed translucent door.
  8404 | D:11     | Found a runed translucent door.
  8442 | D:11     | Noticed a rust devil
  8568 | D:11     | Gained mutation: You have a pair of large horns on your
                  | head. [demonic ancestry]
  8568 | D:11     | Reached XP level 11. HP: 89/89 MP: 11/11
  8796 | D:11     | Found a runed translucent door.
  8836 | D:11     | Found a runed translucent door.
  8894 | D:11     | Found a staircase to the Orcish Mines.
  9139 | D:11     | Noticed an orange crystal statue
  9224 | D:12     | Noticed a two-headed ogre
  9236 | D:12     | Killed a two-headed ogre
  9500 | D:12     | Noticed a white ugly thing
  9520 | D:12     | Killed a white ugly thing
  9521 | D:12     | Reached skill level 10 in Fighting
  9657 | D:12     | Noticed Urug
  9660 | D:12     | Noticed a two-headed ogre
  9665 | D:12     | Killed a two-headed ogre
  9674 | D:12     | Killed Urug
 10051 | D:12     | Reached skill level 10 in Dodging
 10111 | D:13     | Noticed a centaur warrior
 10125 | D:13     | Killed a centaur warrior
 10185 | D:13     | Found a portal to a secret trove of treasure.
 10185 | D:13     | Noticed a green ugly thing
 10193 | D:13     | Killed a green ugly thing
 10200 | D:13     | Gained mutation: A meltable icy envelope protects you from
                  | harm. (AC +8) [demonic ancestry]
 10200 | D:13     | Reached XP level 12. HP: 57/99 MP: 12/12
 10666 | D:13     | Found a one-way gate to the infinite horrors of the Abyss.
 10666 | D:13     | Noticed laros's ghost (journeyman MiBe)
 10680 | D:13     | Found a transporter.
 10892 | D:13     | Found a transporter.
 10927 | D:13     | Reached skill level 1 in Axes
 10968 | D:13     | Noticed a centaur warrior
 10984 | D:13     | Killed a centaur warrior
 11185 | D:13     | Noticed a tengu warrior
 11201 | D:13     | Killed a tengu warrior
 11385 | D:14     | Noticed a centaur warrior
 11398 | D:14     | Killed a centaur warrior
 11399 | D:14     | Reached skill level 5 in Axes
 11465 | D:14     | Got the Incunabulum of Charms and Scree
 11504 | D:14     | Noticed a boulder beetle
 11527 | D:14     | Killed a boulder beetle
 11911 | D:14     | Found a shadowy altar of Dithmenos.
 11948 | D:14     | Noticed a two-headed ogre
 11949 | D:14     | Noticed a two-headed ogre
 11961 | D:14     | Killed a two-headed ogre
 11964 | D:14     | Noticed a five-headed hydra
 11974 | D:14     | Killed a three-headed hydra
 11990 | D:14     | Found a gate to the Vaults.
 11990 | D:14     | Noticed an ogre mage
 12000 | D:14     | Killed an ogre mage
 12372 | D:14     | Identified the ring "Baumeega" {rC+ rCorr Slay+2}
 12535 | D:15     | Entered Level 15 of the Dungeon
 12575 | D:15     | Noticed a centaur warrior
 12586 | D:15     | Killed a centaur warrior
 12589 | D:15     | Gained mutation: You regenerate a little health from kills.
                  | [demonic ancestry]
 12589 | D:15     | Reached XP level 13. HP: 78/105 MP: 13/13
 12664 | D:15     | Found Niapaemm's Assorted Antiques.
 12672 | D:15     | Bought a potion of curing for 102 gold pieces
 12672 | D:15     | Bought a tapered copper wand for 136 gold pieces
 12672 | D:15     | Bought an ivory wand for 136 gold pieces
 12694 | D:15     | Found a staircase to the Depths.
 12695 | D:15     | Noticed a stone giant
 12787 | D:15     | Bought a smoking scarf for 270 gold pieces
 12787 | D:15     | Identified the scarf of Judycwas {repulsion, +Inv Will+}
                  | (You bought it in a shop on level 15 of the Dungeon)
 12792 | D:15     | Bought a dazzling scale mail for 243 gold pieces
 12792 | D:15     | Identified the +3 scale mail "Jorroi" {Harm *Slow rElec
                  | Regen+} (You bought it in a shop on level 15 of the
                  | Dungeon)
 12801 | D:15     | Bought a tiger eye-encrusted leather armour for 189 gold
                  | pieces
 12801 | D:15     | Identified the +0 leather armour "Taseucw" {rF++ Str+3}
                  | (You bought it in a shop on level 15 of the Dungeon)
 12801 | D:15     | Bought a masterwork leather armour for 189 gold pieces
 12801 | D:15     | Identified the +1 leather armour "Huttuc" {Int+2} (You
                  | bought it in a shop on level 15 of the Dungeon)
 12853 | D:15     | Chiseanne: right
 12853 | D:15     | Chiseanne: cant hit that shit..of course
 12856 | D:15     | Slain by a stone giant

Illustrated notes

Levels and vault maps discovered:
D:1:      mrwooster_arrival_statue, layout_rooms
D:2:      layout_loops_corners, uniq_robin
D:3:      layout_loops_cross, nicolae_gozag_zags_fifth_avenue,
          mainiacjoe_overflow_paths
D:4:      minmay_wonky_spiral, layout_rooms,
          mainiacjoe_overflow_six_doors_small, cheibrodos_ashenzari_chains,
          minmay_temple_entry_nine_rooms
D:5:      layout_loops_corners, bloody_trog, vehumet_altar_wand_db,
          kennysheep_donut
D:6:      layout_loops_ring
D:7:      layout_rooms, gammafunk_temple_overflow_statue, serial_shops,
          nicolae_shop_just_a_little_nook, uniq_duvessa, uniq_maggie
D:8:      layout_loops_ring, amethyst_overflow_temple_binary,
          grunt_lair_entry_orc_guard_hut, uniq_pikel
D:9:      layout_loops_ring, serial_glass, glass_columns_a, glass_columns_a,
          glass_columns_a, glass_columns_a, minmay_between, uniq_harold
D:10:     layout_long_grid
D:11:     layout_roguey, orc_0_dummy, minmay_statue_crystal_thing
D:12:     layout_big_octagon, uniq_urug
D:13:     layout_roguey, nicolae_trove_entry_isolated,
          gammafunk_ghost_abyssal_escape
D:14:     layout_long_grid, david_vaults_2,
          nicolae_dithmenos_through_a_glass_darkly
D:15:     grunt_enter_depths_giant_problem, layout_basic, serial_shops,
          shop_fountains, grunt_decor_arrowhead,
          lemuel_zombie_altar_yredelemnul, uniq_azrael

Skill      XL: |  1  2  3  4  5  6  7  8  9 10 11 12 |
---------------+-------------------------------------+-----
Dodging        | 3 4 5 6 8 9 10 | 10.3
Fighting       | 2 3 4 5 6 8 9 10 | 10.9
Armour         | 1 2 3 4 5 7 8 9 |  9.7
Shields        | 3 5 6 7 |  7.2
Axes           | 8 |  8.7
Long Blades    | |  3.6
Maces & Flails | |  1.0
Evocations     | |  1.0

Action                     |  1- 3 |  4- 6 |  7- 9 | 10-12 | 13-15 || total
---------------------------+-------+-------+-------+-------+-------++-------
  Melee: Falchion          |    91 |   166 |   314 |   300 |       ||   871
         Headbutt          |     5 |    34 |    88 |   173 |     7 ||   307
         Punch             |       |     4 |     3 |       |       ||     7
         Whip              |       |       |       |    15 |       ||    15
         Hand axe          |       |       |       |   109 |    14 ||   123
         Scimitar          |       |       |       |     2 |       ||     2
  Throw: Stone             |       |     2 |     2 |       |       ||     4
         Dart              |       |       |       |    21 |       ||    21
         Javelin           |       |       |       |     2 |       ||     2
 Invoke: Call Merchant     |       |       |     1 |       |     1 ||     2
  Evoke: Wand              |       |       |       |    14 |       ||    14
    Use: Scroll            |     2 |    16 |     3 |     7 |       ||    28
         Potion            |       |     2 |     4 |     3 |       ||     9
   Stab: Sleeping          |     1 |     1 |       |       |       ||     2
         Invisible         |       |     5 |       |       |       ||     5
         Distracted        |       |       |       |     1 |       ||     1
 Armour: Leather armour    |    24 |    15 |       |       |     3 ||    42
         Ring mail         |       |    51 |    83 |       |       ||   134
         Scale mail        |       |       |    26 |   211 |       ||   237
  Dodge: Dodged            |    65 |   106 |   178 |   362 |     9 ||   720
  Block: Other             |       |    31 |    33 |       |       ||    64
         Buckler           |       |       |    37 |   400 |    11 ||   448
Riposte: Falchion          |     4 |    38 |    78 |   170 |       ||   290
         Whip              |       |       |       |     7 |       ||     7
         Hand axe          |       |       |       |    50 |     5 ||    55
         Scimitar          |       |       |       |     1 |       ||     1
